 Dungeon Crawl Stone Soup version 0.27.1-4-g1640c2035a (webtiles) character file.

Game seed: 6255788945395926517

213 Crownlay the Chiller (level 5, -6/38 HPs)
             Began as a Gnoll Ice Elementalist on Oct 31, 2021.
             Mangled by a phantom (8 damage)
             ... on level 4 of the Dungeon.
             The game lasted 00:05:25 (3330 turns).

Crownlay the Chiller (Gnoll Ice Elementalist)       Turns: 3330, Time: 00:05:26

Health: -6/38      AC:  4    Str:  8    XL:     5   Next: 90%
Magic:  0/12       EV: 13    Int: 15    God:
Gold:   150        SH:  0    Dex: 12    Spells: 7/14 levels left

rFire    . . .     SeeInvis .   m - +3 whip
rCold    . . .     Faith    .   (no shield)
rNeg     . . .     Spirit   .   a - +0 robe
rPois    .         Reflect  .   f - +1 helmet
rElec    .         Harm     .   (no cloak)
rCorr    .         Rampage  .   (no gloves)
Will     .....                  (no boots)
Stlth    +++.......             (no amulet)
HPRegen  0.12/turn              (no ring)
MPRegen  0.13/turn              (no ring)

@: no status effects
A: fangs 1, strong nose, distributed training
a: no special abilities


You were on level 4 of the Dungeon.
You visited 1 branch of the dungeon, and saw 4 of its levels.

You collected 150 gold pieces.

Inventory:

Hand Weapons
 m - a +3 whip (weapon)
Missiles
 b - 12 poisoned darts
Armour
 a - a +0 robe (worn)
 f - a +1 helmet (worn)
Scrolls
 i - 2 scrolls of enchant armour
Potions
 c - a potion of berserk rage {unknown}
 e - 3 potions of mutation
 h - 3 potions of flight
 k - a potion of degeneration {unknown}
 l - a potion of curing {unknown}
 n - a potion of attraction {unknown}


   Skills:
 + Level 1.6 Fighting
 + Level 1.6 Short Blades
 + Level 1.6 Long Blades
 + Level 1.6 Axes
 + Level 1.6 Maces & Flails
 + Level 1.6 Polearms
 + Level 1.6 Staves
 + Level 1.6 Slings
 + Level 1.6 Bows
 + Level 1.6 Crossbows
 + Level 1.6 Throwing
 + Level 1.6 Armour
 + Level 4.8 Dodging
 + Level 4.5 Stealth
 + Level 1.6 Shields
 + Level 1.6 Unarmed Combat
 + Level 5.2 Spellcasting
 + Level 1.3 Conjurations
 + Level 1.3 Hexes
 + Level 1.3 Summonings
 + Level 1.3 Necromancy
 + Level 1.3 Translocations
 + Level 1.3 Transmutations
 + Level 1.3 Fire Magic
 + Level 7.2 Ice Magic
 + Level 1.3 Air Magic
 + Level 1.3 Earth Magic
 + Level 1.3 Poison Magic
 + Level 1.9 Invocations
 + Level 1.6 Evocations


You had 7 spell levels left.
You knew the following spells:

 Your Spells              Type           Power      Damage    Failure   Level
a - Freeze                Ice            100%       1d11      1%          1
b - Frozen Ramparts       Ice            50%        1d7       2%          3
c - Ozocubu's Armour      Ice            25%        N/A       2%          3

Your spell library contained the following spells:

 Spells                   Type           Power      Damage    Failure   Level
 Hailstorm                Conj/Ice       16%        3d6       26%         4
 Metabolic Englaciation   Hex/Ice        8%         N/A       58%         5
 Simulacrum               Ice/Necr       8%         N/A       99%         6


Dungeon Overview and Level Annotations

Branches:
Dungeon (4/15)
 Temple: D:4-7

Altars:


Innate Abilities, Weirdness & Mutations

You have very sharp teeth.
Your uncanny sense of smell can sniff out nearby items.
Your experience applies equally to all skills.


Message History

You freeze the phantom but do no damage.
The phantom completely resists.
The phantom hits you but does no damage.
Casting: Freeze (safe; 1% risk of failure)
Confirm with . or Enter, or press ? or * to list all spells.
Aiming: Freeze (safe; 1% risk of failure)
Press: ? - help, Shift-Dir - straight line, f/p - phantom
Aim: a phantom (moderately damaged)
You freeze the phantom but do no damage.
The phantom completely resists.
The phantom hits you.
* * * LOW HITPOINT WARNING * * *
The phantom blinks!
You blink.
As you read the scroll labelled HIGUAWA ZETI, it crumbles to dust.
It is a scroll of amnesia.
Really abort (and waste the scroll)?
Okay, then.
The phantom closely misses you.
As you read the scroll labelled GAOCOSININ, it crumbles to dust.
The creatures around you are filled with an inner flame!
It was a scroll of immolation.
The phantom hits you but does no damage.
You barely miss the phantom.
The phantom is moderately damaged.
The phantom hits you but does no damage.
You closely miss the phantom.
The phantom is moderately damaged.
The phantom hits you.
* * * LOW HITPOINT WARNING * * *
Things that are here:
a +0 dagger; a +0 robe
Casting: Freeze (safe; 1% risk of failure)
Confirm with . or Enter, or press ? or * to list all spells.
Aiming: Freeze (safe; 1% risk of failure)
Press: ? - help, Shift-Dir - straight line, f/p - phantom
Aim: a phantom (moderately damaged, inner flame)
You freeze the phantom.
The phantom resists.
Flame seeps out of the phantom.
The phantom is heavily damaged.
The phantom is engulfed in blazing flames.
Flame seeps out of the phantom.
The phantom hits you!
You die...

#...# ####...##
#.......# #.##.#..#
#.#.###.### ######..##
##..##
....##...###...§#
###.##.##.#..#.#######
###.#........#.W@.)..#
....<...#..#########.#
........##.# #.#
.##.#.####.# ###.#
....#.####.#### #§..#
...##.#.......# #.###
##.##.#.......# #.#
##.##.#.......# #.#
......#.......# #.#


You could see a phantom (inner flame).

Vanquished Creatures
  A scorpion (D:4)
  2 orc wizards (D:4)
  3 adders
  2 worms
  A dart slug (D:2)
  6 ball pythons
  6 endoplasms
  3 giant cockroaches
  5 goblins
  7 hobgoblins
  6 jackals (D:1)
  8 kobolds
  A quokka (D:2)
  5 bats
  7 frilled lizards
  6 rats
  A spectral kobold (D:1)
70 creatures vanquished.

Notes
Turn   | Place    | Note
-------+----------+-------------------------------------------
     0 | D:1      | Crownlay the Gnoll Ice Elementalist began the quest for the
                  | Orb.
     0 | D:1      | Reached XP level 1. HP: 13/13 MP: 6/6
   222 | D:1      | Reached XP level 2. HP: 18/19 MP: 3/7
   419 | D:1      | Reached XP level 3. HP: 14/25 MP: 0/9
   657 | D:1      | Learned a level 3 spell: Frozen Ramparts
   661 | D:1      | Learned a level 3 spell: Ozocubu's Armour
   687 | D:1      | Reached skill level 5 in Spellcasting
   773 | D:1      | Found a faded altar of an unknown god.
  1340 | D:2      | Reached skill level 1 in Invocations
  1424 | D:2      | Reached skill level 1 in Fighting
  1424 | D:2      | Reached skill level 1 in Short Blades
  1424 | D:2      | Reached skill level 1 in Long Blades
  1424 | D:2      | Reached skill level 1 in Axes
  1424 | D:2      | Reached skill level 1 in Maces & Flails
  1424 | D:2      | Reached skill level 1 in Polearms
  1424 | D:2      | Reached skill level 1 in Staves
  1424 | D:2      | Reached skill level 1 in Slings
  1424 | D:2      | Reached skill level 1 in Bows
  1424 | D:2      | Reached skill level 1 in Crossbows
  1424 | D:2      | Reached skill level 1 in Throwing
  1424 | D:2      | Reached skill level 1 in Armour
  1424 | D:2      | Reached skill level 1 in Shields
  1424 | D:2      | Reached skill level 1 in Unarmed Combat
  1424 | D:2      | Reached skill level 1 in Evocations
  1679 | D:2      | Reached XP level 4. HP: 32/32 MP: 11/11
  2501 | D:3      | Reached skill level 1 in Conjurations
  2501 | D:3      | Reached skill level 1 in Hexes
  2501 | D:3      | Reached skill level 1 in Summonings
  2501 | D:3      | Reached skill level 1 in Necromancy
  2501 | D:3      | Reached skill level 1 in Translocations
  2501 | D:3      | Reached skill level 1 in Transmutations
  2501 | D:3      | Reached skill level 1 in Fire Magic
  2501 | D:3      | Reached skill level 1 in Air Magic
  2501 | D:3      | Reached skill level 1 in Earth Magic
  2501 | D:3      | Reached skill level 1 in Poison Magic
  3194 | D:4      | Noticed a scorpion
  3203 | D:4      | Killed a scorpion
  3204 | D:4      | Reached XP level 5. HP: 35/37 MP: 5/12
  3266 | D:4      | Noticed a phantom
  3330 | D:4      | Mangled by a phantom

Illustrated notes

Levels and vault maps discovered:
D:1:      nicolae_arrival_washed_ashore, layout_rooms,
          dreamdust_ecumenical_altar_drowned_temple
D:2:      layout_loops_ring
D:3:      layout_loops_cross, guppyfry_early_lair_pool
D:4:      layout_loops_cross, lemuel_tele_altar,
          minmay_temple_entry_statues_pillars, kennysheep_generic_room_2,
          uniq_natasha, uniq_robin

Skill      XL: |  1  2  3  4 |
---------------+-------------+-----
Spellcasting   | 5 |  5.2
Invocations    | 1 |  1.9
Fighting       | 1 |  1.6
Short Blades   | 1 |  1.6
Long Blades    | 1 |  1.6
Axes           | 1 |  1.6
Maces & Flails | 1 |  1.6
Polearms       | 1 |  1.6
Staves         | 1 |  1.6
Slings         | 1 |  1.6
Bows           | 1 |  1.6
Crossbows      | 1 |  1.6
Throwing       | 1 |  1.6
Armour         | 1 |  1.6
Shields        | 1 |  1.6
Unarmed Combat | 1 |  1.6
Evocations     | 1 |  1.6
Conjurations   | 1 |  1.3
Hexes          | 1 |  1.3
Summonings     | 1 |  1.3
Necromancy     | 1 |  1.3
Translocations | 1 |  1.3
Transmutations | 1 |  1.3
Fire Magic     | 1 |  1.3
Air Magic      | 1 |  1.3
Earth Magic    | 1 |  1.3
Poison Magic   | 1 |  1.3
Dodging        | |  4.8
Stealth        | |  4.5
Ice Magic      | |  7.2

Action                   |  1- 3 |  4- 6 || total
-------------------------+-------+-------++-------
Melee: Dagger            |    30 |    56 ||    86
       Bite              |     3 |    12 ||    15
       Punch             |     1 |     2 ||     3
       Whip              |       |    55 ||    55
Throw: Dart              |    18 |     1 ||    19
 Cast: Freeze            |    34 |     7 ||    41
       Frozen Ramparts   |     5 |     8 ||    13
       Ozocubu's Armour  |     4 |     4 ||     8
  Use: Scroll            |       |     5 ||     5
       Potion            |       |     2 ||     2
 Stab: Sleeping          |     5 |     2 ||     7
Armor: Robe              |    11 |    35 ||    46
Dodge: Dodged            |    34 |    87 ||   121
